| TOP OF THE 1ST |
|
Milwaukee Brewers batting - Pitching for Miami Marlins : RHP Jonah Syndergaard
|
|
Pitching: RHP Jonah Syndergaard
|
|
|
Batting: RHB Kisho Ito
|
0-0: Ball 1-0: Foul Ball, location: 2F 1-1: Fly out, F9 (Flyball, 9S, EV 76.9 MPH)
|
|
Batting: RHB Akitada Nishizawa
|
0-0: Ball 1-0: Called Strike 1-1: Fly out, F8 (Flyball, 78D, EV 106.3 MPH)
|
|
Batting: SHB Jason Woods
|
0-0: Foul Ball, location: 2F 0-1: Swinging Strike 0-2: Fly out, F8 (Flyball, 8LM, EV 90.6 MPH)
|
| Top of the 1st over - 0 runs, 0 hits, 0 errors, 0 left on base; Milwaukee 0 - Miami 0 |
| BOTTOM OF THE 1ST |
|
Miami Marlins batting - Pitching for Milwaukee Brewers : RHP Matt Evans
|
|
Pitching: RHP Matt Evans
|
|
|
Batting: RHB Jeff Garofalo
|
0-0: Called Strike 0-1: Bunt missed! 0-2: Ball 1-2: Foul Ball, location: 2F 1-2: Ball 2-2: Ground out 4-3 (Groundball, 4, EV 80.0 MPH)
|
|
Batting: RHB Justin Huff
|
0-0: Ball 1-0: Swinging Strike 1-1: DOUBLE (Line Drive, 7LM, EV 99.4 MPH)
|
|
Batting: LHB Andre Gorter
|
0-0: Called Strike 0-1: Foul Ball, location: 2F 0-2: Strikes out swinging
|
|
Batting: SHB Perry Tuckfard
|
0-0: Called Strike 0-1: Called Strike 0-2: Ball 1-2: Fly out, F8 (Flyball, 8LS, EV 91.3 MPH)
|
| Bottom of the 1st over - 0 runs, 1 hit, 0 errors, 1 left on base; Milwaukee 0 - Miami 0 |
| TOP OF THE 2ND |
|
Milwaukee Brewers batting - Pitching for Miami Marlins : RHP Jonah Syndergaard
|
|
Batting: LHB Cooper Broomhall
|
0-0: DOUBLE (Line Drive, 7LM, EV 102.5 MPH)
|
|
Batting: LHB Jeremy Kuiper
|
0-0: Swinging Strike 0-1: Ball 1-1: Ground out U3 (Groundball, 3, EV 84.4 MPH) Cooper Broomhall to third
|
|
Batting: RHB Cody Flowers
|
0-0: Called Strike 0-1: Fly out, F8 (Flyball, 8RS, EV 81.9 MPH)
|
|
Batting: SHB Jean-François Bernard
|
0-0: Ball 1-0: Ball 2-0: Foul Ball, location: 2F 2-1: Fly out, F7 (Flyball, 78M, EV 88.1 MPH)
|
| Top of the 2nd over - 0 runs, 1 hit, 0 errors, 1 left on base; Milwaukee 0 - Miami 0 |
| BOTTOM OF THE 2ND |
|
Miami Marlins batting - Pitching for Milwaukee Brewers : RHP Matt Evans
|
|
Batting: RHB Seth Tramontano
|
0-0: Foul Ball, location: 2F 0-1: Fly out, F7 (Flyball, 7LS, EV 83.1 MPH)
|
|
Batting: RHB Tommy Hughes
|
0-0: Ball 1-0: Foul Ball, location: 2F 1-1: Foul Ball, location: 2F 1-2: Strikes out looking
|
|
Batting: LHB Luis Aguilar
|
0-0: Fly out, F8 (Flyball, 8RD, EV 85.6 MPH)
|
| Bottom of the 2nd over - 0 runs, 0 hits, 0 errors, 0 left on base; Milwaukee 0 - Miami 0 |
| TOP OF THE 3RD |
|
Milwaukee Brewers batting - Pitching for Miami Marlins : RHP Jonah Syndergaard
|
|
Batting: RHB Yuichi Matsuoka
|
0-0: Ball 1-0: Ball 2-0: Called Strike 2-1: Foul Ball, location: 2F 2-2: Foul Ball, location: 2F 2-2: Foul Ball, location: 2F 2-2: Ball 3-2: Ground out 5-3 (Groundball, 56, EV 105.0 MPH)
|
|
Batting: LHB Antonio Diaz
|
0-0: Ground out 6-3 (Groundball, 56, EV 98.8 MPH)
|
|
Batting: RHB Kisho Ito
|
0-0: Ball 1-0: SINGLE (Flyball, 5D, EV 88.8 MPH)
|
|
Batting: RHB Akitada Nishizawa
|
0-0: Ball Kisho Ito is caught stealing 2nd base 2-4
|
| Top of the 3rd over - 0 runs, 1 hit, 0 errors, 0 left on base; Milwaukee 0 - Miami 0 |
| BOTTOM OF THE 3RD |
|
Miami Marlins batting - Pitching for Milwaukee Brewers : RHP Matt Evans
|
|
Batting: RHB Gavin Helton
|
0-0: Called Strike 0-1: Ball 1-1: Foul Ball, location: 2F 1-2: Ball 2-2: Strikes out swinging
|
|
Batting: RHB Manny Gonzalez
|
0-0: Foul Ball, location: 2F 0-1: Called Strike 0-2: Strikes out swinging
|
|
Batting: RHB Jeff Garofalo
|
0-0: Foul Ball, location: 2F 0-1: Fly out, F2 (Popup, 2RF, EV 94.4 MPH)
|
| Bottom of the 3rd over - 0 runs, 0 hits, 0 errors, 0 left on base; Milwaukee 0 - Miami 0 |
| TOP OF THE 4TH |
|
Milwaukee Brewers batting - Pitching for Miami Marlins : RHP Jonah Syndergaard
|
|
Batting: RHB Akitada Nishizawa
|
0-0: Ground out 5-3 (Groundball, 5S, EV 66.9 MPH)
|
|
Batting: SHB Jason Woods
|
0-0: Ball 1-0: Ball 2-0: Swinging Strike 2-1: SINGLE (Flyball, 34D, EV 88.8 MPH)
|
|
Batting: LHB Cooper Broomhall
|
0-0: Called Strike Jason Woods steals 2nd base 0-1: Foul Ball, location: 2F 0-2: Ball 1-2: Ball 2-2: Ball 3-2: 2-RUN HOME RUN (Flyball, 78XD, EV 114.4 MPH), Distance : 445 ft
|
|
Batting: LHB Jeremy Kuiper
|
0-0: Foul Ball, location: 2F 0-1: Hit by Pitch
|
|
Batting: RHB Cody Flowers
|
0-0: Foul Ball, location: 2F 0-1: Ball 1-1: Called Strike 1-2: Ball 2-2: Ball 3-2: Fly out, F8 (Flyball, 8RD, EV 99.4 MPH)
|
|
Batting: SHB Jean-François Bernard
|
0-0: Called Strike 0-1: Ball 1-1: Ball 2-1: Foul Ball, location: 2F 2-2: SINGLE (Groundball, 25, EV 77.5 MPH) (infield hit) Jeremy Kuiper to second
|
|
Batting: RHB Yuichi Matsuoka
|
0-0: Called Strike 0-1: Called Strike 0-2: Fly out, F7 (Flyball, 7D, EV 101.9 MPH)
|
| Top of the 4th over - 2 runs, 3 hits, 0 errors, 2 left on base; Milwaukee 2 - Miami 0 |
| BOTTOM OF THE 4TH |
|
Miami Marlins batting - Pitching for Milwaukee Brewers : RHP Matt Evans
|
|
Batting: RHB Justin Huff
|
0-0: Ball 1-0: Called Strike 1-1: Swinging Strike 1-2: Strikes out swinging
|
|
Batting: LHB Andre Gorter
|
0-0: Ball 1-0: SINGLE (Groundball, 4S, EV 68.1 MPH) (infield hit)
|
|
Batting: SHB Perry Tuckfard
|
0-0: Ball 1-0: Fielders Choice at 2nd, 4-6 (Groundball, 4, EV 89.4 MPH)
|
|
Batting: RHB Seth Tramontano
|
0-0: Swinging Strike 0-1: Called Strike 0-2: Strikes out looking
|
| Bottom of the 4th over - 0 runs, 1 hit, 0 errors, 1 left on base; Milwaukee 2 - Miami 0 |
| TOP OF THE 5TH |
|
Milwaukee Brewers batting - Pitching for Miami Marlins : RHP Jonah Syndergaard
|
|
Pitching: RHP Ian Newman
|
|
|
Batting: LHB Antonio Diaz
|
0-0: Ball 1-0: Called Strike 1-1: Ball 2-1: SOLO HOME RUN (Flyball, 8RXD, EV 105.6 MPH), Distance : 441 ft
|
|
Batting: RHB Kisho Ito
|
0-0: Foul Ball, location: 2F 0-1: Ground out 3-1 (Groundball, 34S, EV 84.4 MPH)
|
|
Batting: RHB Akitada Nishizawa
|
0-0: Ball 1-0: Ball 2-0: Swinging Strike 2-1: Ball 3-1: Base on Balls
|
|
Batting: SHB Jason Woods
|
0-0: Called Strike 0-1: Ball 1-1: Foul Ball, location: 2F 1-2: Foul Ball, location: 2F 1-2: Ball 2-2: SINGLE (Line Drive, 7S, EV 99.4 MPH) Akitada Nishizawa to second
|
|
Batting: LHB Cooper Broomhall
|
0-0: Grounds into double play, 3-6-3 (Groundball, 34, EV 106.3 MPH)
|
| Top of the 5th over - 1 run, 2 hits, 0 errors, 1 left on base; Milwaukee 3 - Miami 0 |
| BOTTOM OF THE 5TH |
|
Miami Marlins batting - Pitching for Milwaukee Brewers : RHP Matt Evans
|
|
Pitching: LHP Vasquo Sartores
|
|
|
Batting: RHB Tommy Hughes
|
0-0: Swinging Strike 0-1: Ball 1-1: Ball 2-1: Fly out, F8 (Line Drive, 8LD, EV 87.5 MPH)
|
|
Batting: LHB Luis Aguilar
|
0-0: Foul Ball, location: 2F 0-1: Ground out 6-3 (Groundball, 6S, EV 71.3 MPH)
|
|
Batting: RHB Gavin Helton
|
0-0: Called Strike 0-1: Ball 1-1: Foul Ball, location: 2F 1-2: Ball 2-2: DOUBLE (Groundball, 5L, EV 103.8 MPH)
|
|
Batting: RHB Manny Gonzalez
|
0-0: Fly out, F8 (Flyball, 89D, EV 93.8 MPH)
|
| Bottom of the 5th over - 0 runs, 1 hit, 0 errors, 1 left on base; Milwaukee 3 - Miami 0 |
| TOP OF THE 6TH |
|
Milwaukee Brewers batting - Pitching for Miami Marlins : RHP Ian Newman
|
|
Batting: LHB Jeremy Kuiper
|
0-0: Called Strike 0-1: Called Strike 0-2: Ball 1-2: Foul Ball, location: 2F 1-2: Foul Ball, location: 2F 1-2: Ball 2-2: Ball 3-2: Base on Balls
|
|
Batting: RHB Cody Flowers
|
0-0: Called Strike 0-1: Foul Ball, location: 2F 0-2: Strikes out swinging
|
|
Batting: SHB Jean-François Bernard
|
0-0: Swinging Strike 0-1: Ball 1-1: Ball 2-1: DOUBLE (Line Drive, 7LD, EV 113.1 MPH) Jeremy Kuiper to third
|
|
Batting: RHB Yuichi Matsuoka
|
0-0: Fly out, F8 (Flyball, 8RM, EV 89.4 MPH)
|
|
Batting: LHB Antonio Diaz
|
0-0: Ball 1-0: Foul Ball, location: 2F 1-1: Foul Ball, location: 2F 1-2: Foul Ball, location: 2F 1-2: Strikes out looking
|
| Top of the 6th over - 0 runs, 1 hit, 0 errors, 2 left on base; Milwaukee 3 - Miami 0 |
| BOTTOM OF THE 6TH |
|
Miami Marlins batting - Pitching for Milwaukee Brewers : LHP Vasquo Sartores
|
|
Batting: RHB Jeff Garofalo
|
0-0: Ball 1-0: Called Strike 1-1: Ball 2-1: Called Strike 2-2: Fly out, F8 (Flyball, 8RM, EV 80.0 MPH)
|
|
Batting: RHB Justin Huff
|
0-0: Called Strike 0-1: Ball 1-1: Ball 2-1: Swinging Strike 2-2: Ball 3-2: Base on Balls
|
|
Batting: LHB Andre Gorter
|
0-0: Called Strike 0-1: Called Strike 0-2: Ball 1-2: Ball 2-2: Fielders Choice at 2nd, 4-6 (Groundball, 4, EV 88.8 MPH)
|
|
Batting: SHB Perry Tuckfard
|
0-0: Foul Ball, location: 2F 0-1: Ball 1-1: Ball Andre Gorter is caught stealing 2nd base 2-4
|
| Bottom of the 6th over - 0 runs, 0 hits, 0 errors, 0 left on base; Milwaukee 3 - Miami 0 |
| TOP OF THE 7TH |
|
Milwaukee Brewers batting - Pitching for Miami Marlins : RHP Ian Newman
|
|
Pitching: RHP Travis Small
|
|
|
Pinch Hitting: RHB Noah Stanley
|
0-0: Ball 1-0: SINGLE (Flyball, 8LS, EV 98.8 MPH)
|
|
Pinch Hitting: RHB Daniel Donovan
|
0-0: Ball 1-0: Fly out, F9 (Flyball, 9LM, EV 103.8 MPH)
|
|
Pinch Hitting: SHB Pat Wilson
|
0-0: Grounds into double play, 6-4-3 (Groundball, 6, EV 87.5 MPH)
|
| Top of the 7th over - 0 runs, 1 hit, 0 errors, 0 left on base; Milwaukee 3 - Miami 0 |
| BOTTOM OF THE 7TH |
|
Miami Marlins batting - Pitching for Milwaukee Brewers : LHP Vasquo Sartores
|
|
Pitching: LHP Waldemar van der Sluijs
|
|
|
Now at SS: Noah Stanley
|
|
|
Now in LF: Daniel Donovan
|
|
|
Now in CF: Pat Wilson
|
|
|
Now in RF: Jeremy Kuiper
|
|
|
Batting: SHB Perry Tuckfard
|
0-0: Ball 1-0: Ground out 1-3 (Groundball, 13S, EV 77.5 MPH)
|
|
Batting: RHB Seth Tramontano
|
0-0: Ball 1-0: Ball 2-0: Foul Ball, location: 2F 2-1: Ground out 5-3 (Groundball, 5, EV 93.1 MPH)
|
|
Batting: RHB Tommy Hughes
|
0-0: Called Strike 0-1: Ball 1-1: Ball 2-1: SINGLE (Line Drive, 78S, EV 94.4 MPH)
|
|
Batting: LHB Luis Aguilar
|
0-0: Called Strike 0-1: Fielders Choice at 2nd, 5-4 (Groundball, 56, EV 85.0 MPH)
|
| Bottom of the 7th over - 0 runs, 1 hit, 0 errors, 1 left on base; Milwaukee 3 - Miami 0 |
| TOP OF THE 8TH |
|
Milwaukee Brewers batting - Pitching for Miami Marlins : RHP Travis Small
|
|
Pinch Hitting: LHB Tetsuya Oba
|
0-0: Ball 1-0: Called Strike 1-1: Ball 2-1: Foul Ball, location: 2F 2-2: Fly out, F9 (Line Drive, 9D, EV 86.9 MPH)
|
|
Pinch Hitting: RHB Tim Lively
|
0-0: Ball 1-0: SINGLE (Groundball, 56D, EV 110.6 MPH)
|
|
Pinch Hitting: RHB Adrian Rudkilde
|
0-0: Ball 1-0: Foul Ball, location: 2F 1-1: SINGLE (Groundball, 6MD, EV 101.3 MPH) Tim Lively to second Runner from 2nd tries for 3rd, SAFE, throw by CF made at trailing runner, OUT! 8-4
|
|
Batting: SHB Jean-François Bernard
|
0-0: Called Strike 0-1: Swinging Strike 0-2: Foul Ball, location: 2F 0-2: Foul Ball, location: 2F 0-2: Ground out U3 (Groundball, 34, EV 102.5 MPH)
|
| Top of the 8th over - 0 runs, 2 hits, 0 errors, 1 left on base; Milwaukee 3 - Miami 0 |
| BOTTOM OF THE 8TH |
|
Miami Marlins batting - Pitching for Milwaukee Brewers : LHP Waldemar van der Sluijs
|
|
Now at 1B: Tetsuya Oba
|
|
|
Now at 2B: Adrian Rudkilde
|
|
|
Now in RF: Tim Lively
|
|
|
Batting: RHB Gavin Helton
|
0-0: Ball 1-0: Ground out 1-3 (Groundball, 13S, EV 71.3 MPH)
|
|
Batting: RHB Manny Gonzalez
|
0-0: Ball 1-0: Foul Ball, location: 2F 1-1: Foul Ball, location: 2F 1-2: Ball 2-2: Ground out 6-3 (Groundball, 6, EV 103.8 MPH)
|
|
Batting: RHB Jimmy Groseclose
|
0-0: Foul Ball, location: 2F 0-1: Foul Ball, location: 2F 0-2: Strikes out looking
|
| Bottom of the 8th over - 0 runs, 0 hits, 0 errors, 0 left on base; Milwaukee 3 - Miami 0 |
| TOP OF THE 9TH |
|
Milwaukee Brewers batting - Pitching for Miami Marlins : RHP Travis Small
|
|
Pinch Hitting: RHB Ben Campbell
|
0-0: Ball 1-0: Foul Ball, location: 2F 1-1: Ball 2-1: Ground out 6-3 (Groundball, 6, EV 79.4 MPH)
|
|
Batting: LHB Katsunan Akimoto
|
0-0: Ball 1-0: Ball 2-0: Called Strike 2-1: Ground out 5-3 (Groundball, 56S, EV 79.4 MPH)
|
|
Batting: RHB Noah Stanley
|
0-0: Called Strike 0-1: Called Strike 0-2: Strikes out swinging
|
| Top of the 9th over - 0 runs, 0 hits, 0 errors, 0 left on base; Milwaukee 3 - Miami 0 |
| BOTTOM OF THE 9TH |
|
Miami Marlins batting - Pitching for Milwaukee Brewers : LHP Waldemar van der Sluijs
|
|
Pitching: RHP Kouchiro Yamaguchi
|
|
|
Now at C: Ben Campbell
|
|
|
Now at 3B: Jean-François Bernard
|
|
|
Pinch Hitting: LHB Adrian Young
|
0-0: Called Strike 0-1: Foul Ball, location: 2F 0-2: Strikes out swinging
|
|
Pinch Hitting: RHB Wei-guo Tsu
|
0-0: Ball 1-0: Ball 2-0: Foul Ball, location: 2F 2-1: Called Strike 2-2: Ball 3-2: Foul Ball, location: 2F 3-2: Ground out 3-1 (Groundball, 34, EV 102.5 MPH)
|
|
Pinch Hitting: RHB Eric Jordan
|
0-0: DOUBLE (Flyball, 78D, EV 106.3 MPH)
|
|
Batting: RHB Seth Tramontano
|
0-0: Ball 1-0: Ball 2-0: Ball 3-0: Base on Balls
|
|
Batting: RHB Tommy Hughes
|
0-0: Ball 1-0: Foul Ball, location: 2F 1-1: Fly out, F4 (Popup, 4S, EV 72.5 MPH)
|
| Bottom of the 9th over - 0 runs, 1 hit, 0 errors, 2 left on base; Milwaukee 3 - Miami 0 |
|